 Dungeon Crawl Stone Soup version 0.29.1-13-g9f3cf754e1 (webtiles) character file.

Game seed: 5792932850485377643

674 Hrothgar the Cudgeller (level 7, 0/56 HPs)
             Began as a Minotaur Artificer on Jan 24, 2023.
             Was a Follower of the Shining One.
             Killed by nerve-wracking pain
             ... invoked by an orc priest
              (7 damage)
             ... on level 4 of the Dungeon.
             The game lasted 00:17:03 (3624 turns).

Hrothgar the Cudgeller (Minotaur Artificer)         Turns: 3624, Time: 00:17:04

Health: 0/56       AC:  4    Str: 15    XL:     7   Next: 33%
Magic:  0/8        EV: 11    Int: 10    God:    the Shining One [*.....]
Gold:   172        SH:  6    Dex: 10    Spells: 4/8 levels left

rFire   . . .      SeeInvis .   h - +0 war axe
rCold   + . .      Faith    .   e - +3 warlock's mirror {reflect}
rNeg    . . .      Spirit   +   b - +1 leather armour
rPois   .          Reflect  +   (helmet restricted)
rElec   .          Harm     .   (no cloak)
rCorr   .          Rampage  .   (no gloves)
Will    .....                   (no boots)
Stlth   +.........              j - amulet of guardian spirit
HPRegen 0.18/turn               l - ring of protection from cold
MPRegen 0.11/turn               (no ring)

@: glowing
A: horns 2, retaliatory headbutt, talons 1, deterioration 1, weak 1
a: Renounce Religion, Divine Shield


You were on level 4 of the Dungeon.
You worshipped the Shining One.
The Shining One was aware of your devotion.
You visited 1 branch of the dungeon, and saw 4 of its levels.
You also visited: Sewer.

You collected 172 gold pieces.

Inventory:

Hand Weapons
 a - a +0 club
 h - a +0 war axe (weapon)
 i - a +0 morningstar
Armour
 b - a +1 leather armour (worn)
 e - the +3 warlock's mirror (worn) {reflect}
   (You acquired it on level 4 of the Dungeon)

   It can block and reflect piercing ranged attacks and magical attacks against
   the wielder's willpower.
Jewellery
 j - an amulet of guardian spirit (around neck)
 l - a ring of protection from cold (left hand)
Wands
 c - a wand of flame (8) (quivered)
 d - a wand of charming (11)
 g - a wand of roots (6)
 o - a wand of quicksilver (12)
Scrolls
 k - 3 scrolls of teleportation
 n - a scroll of vulnerability
Potions
 f - a potion of resistance
 m - 4 potions of haste
 q - 2 potions of degeneration


   Skills:
 * Level 2.8 Fighting
 * Level 2.2(3.6) Axes
 * Level 4.3(4.6) Maces & Flails
 * Level 1.9 Throwing
 * Level 3.7 Armour
 * Level 2.3 Dodging
 * Level 1.9 Stealth
 * Level 1.3 Spellcasting
 * Level 1.0 Transmutations
 * Level 1.2 Invocations
 * Level 3.7 Evocations


You had 4 spell levels left.
You knew the following spells:

 Your Spells              Type           Power      Damage    Failure   Level
a - Wereblood             Tmut           2%         N/A       50%         2
b - Searing Ray           Conj           0%         2d4       63%         2

Your spell library contained the following spells:

 Spells                   Type           Power      Damage    Failure   Level
 Magic Dart               Conj           0%         1d3       50%         1
 Sublimation of Blood     Necr           0%         N/A       63%         2
 Gell's Gravitas          Tloc           0%         N/A       86%         3
 Teleport Other           Tloc           0%         N/A       86%         3
 Fulminant Prism          Conj/Hex       0%         3d6       99%         4
 Summon Forest            Summ/Tloc      0%         N/A       100%        5
 Dispersal                Tloc           0%         N/A       100%        6
 Eringya's Noxious Bog    Tmut/Pois      0%         N/A       100%        6
 Summon Hydra             Summ           0%         N/A       100%        7


Dungeon Overview and Level Annotations

Branches:
Dungeon (4/15)              Sewer (visited)
 Temple: D:4-7

Altars:
Elyvilon
Nemelex Xobeh
Uskayaw
The Shining One


Innate Abilities, Weirdness & Mutations

You have a pair of horns on your head.
You reflexively headbutt those who attack you in melee.
You have sharp toenails.
Your body sometimes deteriorates upon taking damage.
You are weak. (Str -2)


Message History

The orc priest is severely wounded.
You hit the orc wizard. You block the orc wizard's attack.
The orc priest misses you.
You hit the orc priest but do no damage.
You claw the orc priest.
The orc priest is almost dead.
You barely miss the orc wizard.
The orc priest hits you but does no damage.
The orc wizard hits you with a +0 dagger.
The orc priest calls down the wrath of Beogh upon you.
Beogh smites you! The orc wizard closely misses you. You furiously retaliate!
You headbutt the orc wizard.
Unknown command.
Aiming: Fastroot
Press: ? - help, Shift-Dir - straight line, f - orc wizard
Aim: an orc wizard, wielding a +0 dagger and wearing a +0 robe (heavily wounded, slightly transparent, haloed)
Okay, then.
Aiming: Quicksilver Bolt
Press: ? - help, Shift-Dir - straight line, f - orc wizard
Aim: an orc wizard, wielding a +0 dagger and wearing a +0 robe (heavily wounded, slightly transparent, haloed, 77% to hit)
The bolt of dispelling energy hits the orc wizard!!
You kill the orc wizard!
Reactivating autopickup.
The bolt of dispelling energy misses the kobold.
The orc priest calls down the wrath of Beogh upon you.
Beogh smites you!
* * * LOW HITPOINT WARNING * * *
Unknown command.
Okay, then.
Aiming: Quicksilver Bolt
Press: ? - help, Shift-Dir - straight line, f - orc priest
Aim: an orc priest, wielding a +0 mace (haloed, 82% to hit)
The bolt of dispelling energy hits the orc priest!
You kill the orc priest!
The Shining One accepts your kill.
The bolt of dispelling energy hits the kobold!
You kill the kobold!
The orc priest invokes the aid of Beogh against you.
Pain shoots through your body!
You die...

### #.#
#.#########
#..........
#.#########
########.#
#........#
###o########
#))@# #.###
#.. ....
.....
...###. ...
.. .. ..


You could see an orc priest.

Vanquished Creatures
  Pargi (Sewer)
  2 orc warriors (D:4)
  An ogre (D:4)
  2 orc priests
  Jessica (D:2)
  An iguana (D:4)
  An orc wizard (D:4)
  2 gnolls (D:2)
  4 adders
  A river rat (D:4)
  2 worms
  4 dart slugs
  6 orcs
  6 endoplasms
  3 giant cockroaches
  15 goblins
  5 hobgoblins
  10 jackals
  4 kobolds
  8 quokkas
  6 ball pythons
  12 bats
  4 frilled lizards
  8 rats
109 creatures vanquished.

Vanquished Creatures (collateral kills)
  Robin (D:3)
  2 goblins
3 creatures vanquished.

Vanquished Creatures (others)
  A gnoll (D:2)
  2 fungi (D:2)
  2 plants (D:2)
5 creatures vanquished.

Grand Total: 117 creatures vanquished

Notes
Turn   | Place    | Note
-------+----------+-------------------------------------------
     0 | D:1      | Hrothgar the Minotaur Artificer began the quest for the
                  | Orb.
     0 | D:1      | Reached XP level 1. HP: 16/16 MP: 0/0
   108 | D:1      | You fall into a shaft and drop 1 floor!
   108 | D:2      | Found a glowing golden altar of the Shining One.
   113 | D:2      | Became a worshipper of the Shining One
   148 | D:2      | Found a faded altar of an unknown god.
   366 | D:2      | Reached XP level 2. HP: 21/23 MP: 1/1
   749 | D:2      | Reached XP level 3. HP: 16/28 MP: 2/2
  1017 | D:2      | Noticed Jessica
  1019 | D:2      | Killed Jessica
  1020 | D:2      | Reached skill level 1 in Maces & Flails
  1020 | D:2      | Reached skill level 1 in Stealth
  1047 | D:2      | Reached XP level 4. HP: 3/36 MP: 3/3
  1048 | D:2      | Reached skill level 1 in Throwing
  1859 | D:1      | Reached skill level 2 in Maces & Flails
  2016 | D:3      | Noticed Robin
  2018 | D:3      | Reached XP level 5. HP: 36/41 MP: 2/4
  2028 | D:3      | Killed Robin
  2252 | D:3      | Found a sparkling altar of Nemelex Xobeh.
  2259 | D:3      | Found a hide-covered altar of Uskayaw.
  2261 | D:3      | Found a white marble altar of Elyvilon.
  2349 | D:3      | Learned a level 2 spell: Wereblood
  2490 | D:3      | Gained mutation: Your natural rate of healing is unusually
                  | fast. [potion of mutation]
  2490 | D:3      | Gained mutation: You are partially covered in iridescent
                  | scales. (AC +2) [potion of mutation]
  2573 | D:3      | Reached skill level 3 in Maces & Flails
  2870 | D:3      | Lost mutation: You are partially covered in iridescent
                  | scales. (AC +2) [potion of mutation]
  2870 | D:3      | Lost mutation: Your natural rate of healing is unusually
                  | fast. [potion of mutation]
  2870 | D:3      | Gained mutation: Your system is resistant to poisons.
                  | (rPois) [potion of mutation]
  2870 | D:3      | Gained mutation: Armour fits poorly on your strangely
                  | shaped body. [potion of mutation]
  2870 | D:3      | Gained mutation: You have sharp toenails. [potion of
                  | mutation]
  2870 | D:3      | Gained mutation: You are robust. (+10% HP) [potion of
                  | mutation]
  2939 | D:4      | Reached * piety under the Shining One
  2947 | D:4      | HP: 2/45 [iguana (3)]
  3010 | D:4      | Noticed an orc warrior
  3010 | D:4      | Noticed an orc warrior
  3018 | D:4      | Killed an orc warrior
  3019 | D:4      | Reached XP level 6. HP: 12/53 MP: 2/6
  3019 | D:4      | Killed an orc warrior
  3020 | D:4      | Reached skill level 1 in Axes
  3020 | D:4      | Reached skill level 1 in Spellcasting
  3034 | D:4      | Identified a scroll of acquirement
  3034 | D:4      | Acquired the +3 warlock's mirror {reflect}
  3034 | D:4      | Found the +3 warlock's mirror {reflect}
  3078 | D:4      | Reached skill level 4 in Maces & Flails
  3078 | D:4      | Reached skill level 1 in Invocations
  3198 | D:4      | Reached XP level 7. HP: 34/61 MP: 7/7
  3222 | D:4      | Found a glowing drain.
  3231 | Sewer    | Entered a sewer
  3390 | Sewer    | Lost mutation: Armour fits poorly on your strangely shaped
                  | body. [potion of mutation]
  3390 | Sewer    | Lost mutation: You are robust. (+10% HP) [potion of
                  | mutation]
  3390 | Sewer    | Lost mutation: Your system is resistant to poisons. (rPois)
                  | [potion of mutation]
  3390 | Sewer    | Gained mutation: You are weak. (Str -2) [potion of
                  | mutation]
  3390 | Sewer    | Gained mutation: Your body sometimes deteriorates upon
                  | taking damage. [potion of mutation]
  3422 | Sewer    | Noticed Pargi
  3429 | Sewer    | Killed Pargi
  3430 | Sewer    | Reached skill level 1 in Transmutations
  3446 | Sewer    | Learned a level 2 spell: Searing Ray
  3624 | D:4      | Killed from afar by an orc priest

Illustrated notes

Levels and vault maps discovered:
D:1:      ncdulo_halloftheorcs, layout_basic
D:2:      minmay_general_purpose_star, layout_basic, basic_altar,
          shapermc_ecumenical_altar_mp_ritualfount, uniq_jessica
D:3:      layout_loops_cross, minitemple, serial_glass, glass_columns_b,
          glass_columns_a, glass_columns_c, glass_columns_a, glass_columns_b,
          glass_columns_a, hangedman_decor_push, minmay_splitting_lines,
          chequers_serial_rivers_micro_d, uniq_robin
D:4:      layout_basic, dk_yredelemnul_ordeal, gup_sewer_entry_bubbles,
          minmay_divided_ellipse

Skill      XL: |  1  2  3  4  5  6  7 |
---------------+----------------------+-----
Evocations     | 3 |  3.7
Maces & Flails | 1 2 3 4 |  4.3
Armour         | 3 |  3.7
Stealth        | 1 |  1.9
Throwing       | 1 |  1.9
Fighting       | 2 |  2.8
Axes           | 1 2 |  2.2
Dodging        | 2 |  2.3
Spellcasting   | 1 |  1.3
Invocations    | 1 |  1.2
Transmutations | 1 |  1.0

Action                   |  1- 3 |  4- 6 |  7- 9 || total
-------------------------+-------+-------+-------++-------
Melee: Club              |    30 |       |       ||    30
       Morningstar       |    16 |    56 |       ||    72
       Headbutt          |     2 |    12 |     2 ||    16
       War axe           |       |    23 |    20 ||    43
       Kick              |       |     6 |    10 ||    16
Throw: Boomerang         |    23 |     6 |       ||    29
Evoke: Wand              |     4 |    10 |     4 ||    18
  Use: Potion            |     1 |     3 |     1 ||     5
       Scroll            |       |    12 |     1 ||    13
Armor: Leather armour    |    16 |    18 |     7 ||    41
Dodge: Dodged            |    32 |    63 |    17 ||   112
Block: Buckler           |       |     5 |    11 ||    16
       Reflection        |       |     5 |       ||     5
